 Dungeon Crawl Stone Soup version 0.29.1-12-g30fa7ad0bf (webtiles) character file.

Game seed: 8624110375455334561

98 nightchill the Chopper (level 4, 41/41 HPs)
             Began as a Hill Orc Fighter on Jan 3, 2023.
             Was a Follower of Trog.
             Got out of the dungeon alive.
             The game lasted 00:04:10 (2169 turns).

nightchill the Chopper (Hill Orc Fighter)           Turns: 2169, Time: 00:04:10

Health: 41/41      AC: 12    Str: 20    XL:     4   Next: 71%
Magic:  4/4        EV:  5    Int:  8    God:    Trog [*.....]
Gold:   103        SH:  4    Dex: 10    Spells: 3/3 levels left

rFire   . . .      SeeInvis .   a - +0 war axe
rCold   + . .      Faith    .   c - +0 buckler
rNeg    . . .      Spirit   .   k - +0 plate armour
rPois   .          Reflect  .   h - +0 helmet
rElec   .          Harm     .   (no cloak)
rCorr   .          Rampage  .   (no gloves)
Will    .....                   (no boots)
Stlth   ..........              (no amulet)
HPRegen 0.13/turn               j - ring of protection from cold
MPRegen 0.09/turn               (no ring)

@: no status effects
A: no striking features
a: Renounce Religion, Berserk


You escaped.
You worshipped Trog.
Trog was aware of your devotion.
You visited 1 branch of the dungeon, and saw 2 of its levels.

You collected 103 gold pieces.

Inventory:

Hand Weapons
 a - a +0 war axe (weapon)
Missiles
 m - 6 poisoned darts (quivered)
 n - 9 stones
 s - 2 curare-tipped darts
Armour
 b - a +0 scale mail
 c - a +0 buckler (worn)
 h - a +0 helmet (worn)
 k - a +0 plate armour (worn)
Magical Staves
 o - a staff of poison
Jewellery
 j - a ring of protection from cold (left hand)
 t - a ring of positive energy
Wands
 r - a wand of flame (20)
Scrolls
 e - a scroll of identify {unknown}
 g - a scroll of summoning {unknown}
 l - a scroll of fear {unknown}
 p - a scroll of immolation {unknown}
Potions
 d - a potion of might
 f - a potion of degeneration {unknown}
 i - a potion of curing {unknown}
 q - a potion of cancellation {unknown}
 u - a potion of haste {unknown}


   Skills:
 + Level 4.6 Fighting
 * Level 5.4 Axes
 - Level 3.2 Armour
 - Level 3.2 Shields


You had 3 spell levels left.
You didn't know any spells.
Your spell library contained the following spells:

 Spells                   Type           Power      Damage    Failure   Level
 Ozocubu's Armour         Ice            0%         N/A       100%        3
 Ozocubu's Refrigeration  Ice            0%         4d7       100%        7


Dungeon Overview and Level Annotations

Branches:
Dungeon (2/15)

Altars:
Trog


Message History

A frilled lizard is nearby!
You block the frilled lizard's attack.
You slash the frilled lizard!
You kill the frilled lizard!
No target in view!
Found a faded altar of an unknown god.
Done exploring.
Done exploring.
Done exploring.
Done exploring.
There is a shaft here.
There is a faded altar of an unknown god here.
You cannot tell which god this altar belongs to.
Convert to them anyway?
Okay, then.
You cannot tell which god this altar belongs to.
Convert to them anyway?
Trog accepts your prayer! Trog welcomes you!
You can now go berserk at will.
There is a shaft here.
Unknown command.
Autopickup is now off.
Unknown command.
Okay, then.
Press: ? - help, v - describe, . - travel The floor.
Press: ? - help, v - describe, . - travel The floor.
There is a stone staircase leading down here.
Things that are here:
a +0 short sword; a +0 club
There is a stone staircase leading up, spattered with blood here.
You climb upwards.
There is a stone staircase leading down here.
You see here a +0 short sword.
There is an open door here.
There is a staircase leading out of the dungeon here.
Are you sure you want to leave the Dungeon?
This will make you lose the game!
Alright, then stay!
Are you sure you want to leave the Dungeon?
This will make you lose the game!
You have escaped!

#
#######.#...##....#.#
# #.######.†..#.# ##
#.# #...)#.###### .#
#.# ##...#......# .#
#.# ##..##......# .#
#.# ##...##......##
.#
#.#####...###........
## #..#..'.###
##....... #
##.#@.########....>..
#
#....'......#)#.....
###..#......#.#.....
####........#.....
############### #####
#.... #.... #....


There were no monsters in sight!

Vanquished Creatures
  3 adders (D:2)
  A worm (D:2)
  A dart slug (D:1)
  4 ball pythons
  5 endoplasms
  5 goblins
  6 hobgoblins
  8 jackals (D:1)
  6 kobolds
  4 quokkas
  5 bats
  3 frilled lizards (D:2)
  12 rats
63 creatures vanquished.

Vanquished Creatures (others)
  2 fungi (D:1)
2 creatures vanquished.

Grand Total: 65 creatures vanquished

Notes
Turn   | Place    | Note
-------+----------+-------------------------------------------
     0 | D:1      | nightchill the Hill Orc Fighter began the quest for the
                  | Orb.
     0 | D:1      | Reached XP level 1. HP: 19/19 MP: 1/1
    25 | D:1      | Reached skill level 3 in Axes
    65 | D:1      | Reached XP level 2. HP: 26/27 MP: 2/2
   317 | D:1      | Reached skill level 4 in Axes
   327 | D:1      | Reached XP level 3. HP: 26/33 MP: 3/3
  1054 | D:2      | Reached XP level 4. HP: 40/41 MP: 4/4
  1064 | D:2      | Reached skill level 5 in Axes
  2078 | D:2      | Found a faded altar of an unknown god.
  2134 | D:2      | Prayed at the altar of an unknown god.
  2134 | D:2      | Became a worshipper of Trog the Wrathful
  2134 | D:2      | Reached * piety under Trog
  2169 | D:$      | Got out of the dungeon alive.

Illustrated notes

Levels and vault maps discovered:
D:1:      dpeg_arrival_ratfight, layout_basic, dreamdust_mushroom_princess,
          minmay_ruptured
D:2:      layout_basic, hellmonk_ecumenical_altar_leap_of_faith

Skill      XL: |  1  2  3  4 |
---------------+-------------+-----
Axes           | 3 4 5 |  5.4
Fighting       | 4 |  4.6
Armour         | |  3.2
Shields        | |  3.2

Action                   |  1- 3 |  4- 6 || total
-------------------------+-------+-------++-------
Melee: War axe           |   109 |    68 ||   177
Armor: Scale mail        |    43 |       ||    43
       Plate armour      |    33 |    38 ||    71
Dodge: Dodged            |    39 |    17 ||    56
Block: Buckler           |    32 |    17 ||    49
